 Dungeon Crawl Stone Soup version 0.14-a0-1474-g1105da3 (webtiles) character file.

1307 Khlestharos the Chucker (level 8, -3/48 HPs)
             Began as a Gargoyle Skald on Dec 15, 2013.
             Was a Follower of Makhleb.
             Killed by divine providence
             ... invoked by an orc priest
              (15 damage)
             ... on Level 6 of the Dungeon.
             The game lasted 01:43:43 (4812 turns).

Khlestharos the Chucker (Gargoyle Skald)            Turns: 4812, Time: 01:43:43

HP  -3/48        AC 14     Str 19      XL: 8   Next: 46%
MP  14/14        EV  7     Int 12      God: Makhleb [*.....]
Gold 94          SH 26     Dex  9      Spells:  1 memorised, 11 levels left

rFire  . . .     SeeInvis .     t - +0,+2 dagger (speed)
rCold  + . .     Clarity  .     e - +2 leather armour {rC+}
rNeg   + . .     Conserve .     p - +0 large shield
rPois  +         rCorr    .     (no helmet)
rElec  +         rRot     +     (no cloak)
SustAb . .       Spirit   .     o - +0 pair of gloves
rMut   .         Warding  .     i - +0 pair of boots
Saprov . . .     Stasis   .     (no amulet)
                                y - ring of protection from magic
                                l - +2 ring of protection

@: quite resistant to hostile enchantments, fairly stealthy
A: life protection 1, electricity resistance, unbreathing, petrification
resistance, AC +5
a: Renounce Religion


You were on level 6 of the Dungeon.
You worshipped Makhleb.
Makhleb was aware of your devotion.
You were very hungry.

You visited 1 branch of the dungeon, and saw 6 of its levels.

You collected 146 gold pieces.
You spent 52 gold pieces at shops.

Inventory:

Hand weapons
 n - a +2,+1 dwarven dagger of venom
 t - a +0,+2 dagger of speed (weapon)
 E - a +0 blowgun
Missiles
 a - 7 needles of paralysis
 g - 28 darts of frost
 k - 8 javelins (quivered)
 m - 57 poisoned needles
Armour
 e - a +2 leather armour of cold resistance (worn)
 i - a +0 pair of boots (worn)
 o - a +0 pair of gloves (worn)
 p - a +0 large shield (worn)
Comestibles
 d - 3 bread rations
 z - an apple
Scrolls
 b - a scroll of enchant weapon II {unknown}
 f - 2 scrolls of remove curse
 h - 2 scrolls of curse armour {unknown}
 j - 2 scrolls of random uselessness {unknown}
 r - 2 scrolls of magic mapping {unknown}
 s - 2 scrolls of fog {unknown}
 u - 3 scrolls of curse jewellery {unknown}
 x - a scroll of fear {unknown}
 B - 2 scrolls of identify
 C - 6 scrolls of teleportation
 D - 2 scrolls of enchant armour {unknown}
 F - a scroll of immolation {unknown}
 I - a scroll of blinking {unknown}
Jewellery
 l - a +2 ring of protection (left hand)
 q - a +2 ring of dexterity {unknown}
 y - a ring of protection from magic (right hand)
 H - an uncursed ring of protection from magic
Potions
 v - a potion of restore abilities
 A - a potion of paralysis {unknown}
 G - a potion of flight {unknown}
Books
 c - a book of Battle

   Spells                             Type                      Level
   *Infusion                          Charms                       1
   Shroud of Golubria                 Charms/Translocation         2
   Song of Slaying                    Charms                       2
   Spectral Weapon                    Hexes/Charms                 3
   Regeneration                       Charms/Necromancy            3


   Skills:
 * Level 3.7 Fighting
 * Level 3.1 Short Blades
 * Level 4.9 Throwing
 + Level 2.9 Armour
 + Level 3.6 Dodging
 + Level 3.1 Stealth
 + Level 2.8 Shields
 + Level 0.2 Unarmed Combat
 + Level 2.7 Spellcasting
 + Level 3.3 Charms


You had 11 spell levels left.
You knew the following spells:

 Your Spells              Type           Power        Failure   Level  Hunger
a - Infusion              Chrm           #.....       99%         1    #......


Dungeon Overview and Level Annotations

Branches:
Dungeon (6/16)
 Temple: D:4-7

Altars:
Ashenzari
Makhleb
Zin

Shops:
D:4 (   D:5 /

Annotations:
D:5 Grinder


Innate Abilities, Weirdness & Mutations

You are resistant to torment.
You are immune to poison.
Your stone body is very resilient (AC +5).
You resist negative energy.
You are resistant to electric shocks.
You can survive without breathing.
You are immune to petrification.


Message History

You feel a bit more experienced.
Deactivating autopickup; reactivate with Ctrl-A.
Your shield prevents you from hitting it.
The orc priest invokes the aid of Beogh against you.
Something smites you!
You hit it. It hits you. It shocks you. You resist.
The orc priest becomes somewhat translucent.
You barely miss it. It hits you but does no damage.
You closely miss it.
The orc priest curses loudly.
The orc priest calls down the wrath of Beogh upon you.
Something smites you!
* * * LOW HITPOINT WARNING * * *
Drink which item? (? for menu, Esc to quit)
Magic courses through your body.
It was a potion of magic.
It hits you but does no damage.
A black bear comes into view.
The orc priest mumbles some strange prayers to Beogh against you.
Something smites you!
You die...

# .##
####.U.#
#....# #@# #
#.#
##.#######)#
##.......##o#
#...I..<.##o#
##..........#
##.oo.o.####
...o.....#
###.######


You could see a black bear (sleeping) and 2 orc priests.

Vanquished Creatures
  Eustachio (D:5)
  2 ice beasts (D:5)
  3 ogres
  A centaur (D:4)
  A giant frog (D:5)
  2 crimson imps
  An orc priest (D:4)
  A two-headed ogre skeleton (D:5)
  3 orc wizards
  2 worker ants
  5 gnolls
  9 adders
  2 giant mites (D:2)
  2 worms
  2 adder zombies (D:5)
  2 giant geckos (D:1)
  9 orcs
  4 giant cockroaches
  14 hobgoblins
  3 jackals (D:4)
  8 kobolds
  3 quokkas
  3 ball pythons
  11 bats
  6 giant newts
  8 goblins
  6 rats
114 creatures vanquished.

Notes
Turn   | Place    | Note
--------------------------------------------------------------
     0 | D:1      | Khlestharos, the Gargoyle Skald, began the quest for the Orb.
     0 | D:1      | Reached XP level 1. HP: 12/12 MP: 3/3
   124 | D:1      | Reached XP level 2. HP: 2/18 MP: 4/4
   380 | D:1      | Reached skill level 1 in Dodging
   380 | D:1      | Reached skill level 3 in Charms
   412 | D:1      | Reached XP level 3. HP: 14/22 MP: 1/6
   850 | D:2      | Reached skill level 1 in Stealth
   887 | D:2      | Reached skill level 1 in Throwing
   919 | D:2      | Reached XP level 4. HP: 27/27 MP: 0/7
  1480 | D:3      | Reached XP level 5. HP: 31/31 MP: 9/9
  1545 | D:3      | Found a glowing silver altar of Zin.
  2161 | D:3      | Found a burning altar of Makhleb.
  2175 | D:3      | Became a worshipper of Makhleb the Destroyer
  2307 | D:4      | Reached XP level 6. HP: 17/36 MP: 8/11
  2377 | D:4      | Noticed a centaur
  2431 | D:4      | Noticed an ogre
  2457 | D:4      | Killed an ogre
  2611 | D:5      | Entered Level 5 of the Dungeon
  3087 | D:4      | Found Claow's Antique Weapon Boutique.
  3094 | D:4      | Bought a runed dagger for 52 gold pieces
  3232 | D:5      | Noticed Eustachio
  3343 | D:5      | Reached skill level 1 in Shields
  3343 | D:5      | Reached XP level 7. HP: 26/40 MP: 13/13
  3383 | D:5      | Noticed Grinder
  3426 | D:5      | Paralysed by Grinder for 5 turns
  3484 | D:4      | Killed a centaur
  3573 | D:4      | Found a shattered altar of Ashenzari.
  3762 | D:5      | Found Reumif's Magical Wand Shop.
  3857 | D:5      | Killed Eustachio
  3857 | D:5      | Reached skill level 4 in Throwing
  3909 | D:5      | Reached XP level 8. HP: 38/46 MP: 14/14
  4114 | D:5      | Acquired Makhleb's first power
  4812 | D:6      | Killed from afar by an orc priest

Action                   |  1- 3 |  4- 6 |  7- 9 || total
-------------------------+-------+-------+-------++-------
Melee: Short sword       |    77 |       |       ||    77
       Dagger            |    33 |   153 |   358 ||   544
       Unarmed           |       |    51 |       ||    51
 Fire: Sling             |       |     8 |       ||     8
       Blowgun           |       |       |    25 ||    25
Throw: Javelin           |     4 |    47 |    30 ||    81
       Dart              |       |     1 |       ||     1
 Cast: Infusion          |    10 |     4 |       ||    14
  Use: Scroll            |     6 |     1 |       ||     7
       Potion            |       |     5 |     1 ||     6
